 Dungeon Crawl Stone Soup version 0.26-a0-597-gb535b0901c (webtiles) character file.

Game seed: 12755954539191115893

103 HoaS the Shield-Bearer (level 5, 0/41 HPs)
             Began as a Formicid Fighter on Aug 31, 2020.
             Succumbed to a worker ant's poison
             ... on level 2 of the Dungeon.
             The game lasted 00:03:40 (1441 turns).

HoaS the Shield-Bearer (Formicid Fighter)           Turns: 1441, Time: 00:03:40

Health: 0/41       AC:  6    Str: 21    XL:     5   Next: 6%
Magic:  5/5        EV:  8    Int:  8    God:
Gold:   90         SH:  9    Dex: 10    Spells: 4/4 levels left

rFire    . . .     SeeInvis +   a - +0 quarterstaff
rCold    . . .     Faith    .   c - +0 kite shield
rNeg     . . .     Spirit   .   b - +0 scale mail
rPois    .         Reflect  .   (helmet unavailable)
rElec    .         Harm     .   (no cloak)
rCorr    .                      (no gloves)
MR       .....                  (no boots)
Stlth    +.........             (no amulet)
HPRegen  0.13/turn              (no ring)
MPRegen  0.09/turn              (no ring)

@: lethally poisoned (0 -> -8)
A: permanent stasis, dig shafts and tunnels, four strong arms, antennae 3,
camouflage 1, MP-powered wands
a: Dig, Shaft Self


You were on level 2 of the Dungeon.
You visited 1 branch of the dungeon, and saw 2 of its levels.

You collected 90 gold pieces.

Inventory:

Hand Weapons
 a - a +0 quarterstaff (weapon)
Missiles
 j - 21 stones (quivered)
Armour
 b - a +0 scale mail (worn)
 c - a +0 kite shield (worn)
Scrolls
 f - 2 scrolls of identify
 h - 2 scrolls of fog {unknown}
Potions
 d - a potion of might
 g - 2 potions of flight
 i - a potion of haste {unknown}


   Skills:
 - Level 3.2 Fighting
 * Level 4.1 Staves
 - Level 3.2 Armour
 + Level 4.7 Shields


You had 4 spell levels left.
You didn't know any spells.
Your spell library was empty.

Dungeon Overview and Level Annotations

Branches:
Dungeon (2/15)

Altars:
Okawaru
Wu Jian


Innate Abilities, Weirdness & Mutations

You cannot be hasted, slowed, berserked, paralysed or teleported.
You can dig through walls and to a lower floor.
Your four strong arms can wield two-handed weapons with a shield.
You have a pair of large antennae on your head. (SInv)
Your skin changes colour to match your surroundings (Stealth+).
You expend magic power (3 MP) to strengthen your wands.


Message History

You block the rat's attack. The rat bites you.
* * * LOW HITPOINT WARNING * * *
You hit the rat but do no damage.
* * * LOW HITPOINT WARNING * * *
You feel sick. The rat barely misses you.
You completely miss the rat.
* * * LOW HITPOINT WARNING * * *
You feel sick. You block the rat's attack.
Your shield and scale mail prevent you from hitting the rat.
* * * LOW HITPOINT WARNING * * *
You feel sick. You block the rat's attack.
You sock the rat!
You kill the rat!
* * * LOW HITPOINT WARNING * * *
You feel sick.
There is a lethal amount of poison in your body!
It was a potion of mutation.
You feel extremely strange.
You feel your magical essence link to the dungeon's wands.
Your skin functions as natural camouflage.
You die...

##### #)..#
####...###########
#.................
#.################
#@# #†# #>. #.##
#.# { ... { ...
...


There were no monsters in sight!

Vanquished Creatures
  A worker ant (D:2)
  4 adders (D:2)
  A worm (D:2)
  2 dart slugs (D:1)
  5 goblins
  6 hobgoblins
  4 jackals (D:1)
  6 bats
  2 frilled lizards
  A kobold (D:2)
  7 rats
39 creatures vanquished.

Notes
Turn   | Place    | Note
-------+----------+-------------------------------------------
     0 | D:1      | HoaS the Formicid Fighter began the quest for the Orb.
     0 | D:1      | Reached XP level 1. HP: 18/18 MP: 1/1
   160 | D:1      | Reached XP level 2. HP: 18/24 MP: 2/2
   383 | D:1      | Reached XP level 3. HP: 28/29 MP: 3/3
   946 | D:2      | Reached XP level 4. HP: 35/35 MP: 4/4
  1014 | D:2      | Found an ornate altar of the Wu Jian Council.
  1069 | D:2      | Found an iron altar of Okawaru.
  1434 | D:2      | Reached XP level 5. HP: 12/41 MP: 5/5
  1439 | D:2      | HP: 2/41 [poisoned by a worker ant]
  1441 | D:2      | Gained mutation: You expend magic power (3 MP) to
                  | strengthen your wands. [potion of mutation]
  1441 | D:2      | Gained mutation: Your skin changes colour to match your
                  | surroundings (Stealth+). [potion of mutation]
  1441 | D:2      | Succumbed to a worker ant's poison

Illustrated notes

Levels and vault maps discovered:
D:1:      minmay_arrival_nine_rooms, layout_loops_ring, minmay_pentomino_t4
D:2:      layout_basic, lemuel_round_altar, kennysheep_okawaru_gauntlet

Skill      XL: |  1  2  3  4 |
---------------+-------------+-----
Shields        | 4 |  4.7
Staves         | 3 4 |  4.1
Fighting       | |  3.2
Armour         | |  3.2

Action                   |  1- 3 |  4- 6 || total
-------------------------+-------+-------++-------
Melee: Quarterstaff      |    67 |    50 ||   117
  Use: Scroll            |     3 |     1 ||     4
       Potion            |       |     1 ||     1
Armor: Scale mail        |    19 |    19 ||    38
Dodge: Dodged            |    19 |    16 ||    35
Block: Kite shield       |    33 |    13 ||    46

Table legend: (Time is in decaauts)
 A = Elapsed time spent in this place.
 B = Non-inter-level travel time spent in this place.
 C = Inter-level travel time spent in this place.
 D = Time resting spent in this place.
 E = Time spent auto-exploring this place.
 F = Levels seen in this place.
 G = Mean time per level.
                   A        B        C        D        E       F      G
               +--------+--------+--------+--------+--------+-----+--------+
         Total |   1463 |   1450 |     13 |      0 |   1165 |   2 |  731.5 |
       Dungeon |   1463 |   1450 |     13 |      0 |   1165 |   2 |  731.5 |
               +--------+--------+--------+--------+--------+-----+--------+

Top non-repeatable levels by time:
     D:1: 796 daAuts
     D:2: 667 daAuts
